 Dungeon Crawl Stone Soup version 0.18.1-50-g88ac8fd (webtiles) character file.

10091 varam the Geomancer (level 11, -10/64 HPs)
             Began as a Gargoyle Earth Elementalist on Oct 20, 2016.
             Was a Priest of Vehumet.
             Mangled by Maud
             ... wielding a +3 demon trident of venom
              (24 damage)
             ... on level 14 of the Dungeon.
             The game lasted 00:43:10 (17662 turns).

varam the Geomancer (Gargoyle Earth Elementalist)  Turns: 17662, Time: 00:43:11

Health: -10/64     AC: 17    Str: 12    XL:     11   Next: 56%
Magic:  0/23       EV: 13    Int: 19    God:    Vehumet [***...]
Gold:   401        SH:  0    Dex: 10    Spells: 3 memorised, 18 levels left

rFire  . . .     SeeInvis .     s - +2 flail (crush)
rCold  . . .     Gourm    .     r - +2 robe {MR+}
rNeg   + . .     Faith    .     (no shield)
rPois  ∞         Spirit   +     o - +2 hat
rElec  +         Dismiss  .     v - +1 cloak
rCorr  .         Reflect  .     (no gloves)
SustAt .         Harm     .     i - +0 pair of boots
MR     +....                    g - amulet of guardian spirit
Stlth  +++.......               (no ring)
                                N - ring of flight

@: somewhat resistant to hostile enchantments, fairly stealthy
A: negative energy resistance 1, electricity resistance, unbreathing,
petrification resistance, rot immunity, AC +7
a: Renounce Religion, Evoke Flight


You were on level 14 of the Dungeon.
You worshipped Vehumet.
Vehumet was most pleased with you.
You were not hungry.

You visited 2 branches of the dungeon, and saw 14 of its levels.
You also visited: Sewer.

You collected 709 gold pieces.
You spent 308 gold pieces at shops.

Inventory:

Hand Weapons
 a - a +3 dagger of electrocution
 s - a +2 flail of crushing (weapon)
 x - a +0 morningstar
Missiles
 b - 270 stones (quivered)
Armour
 i - a +0 pair of boots (worn)
 o - a +2 hat (worn)
 r - a +2 robe of magic resistance (worn)
 v - a +1 cloak (worn)
 R - a +2 shield
Magical Staves
 p - an uncursed staff of fire
Jewellery
 g - an amulet of guardian spirit (around neck)
 N - a ring of flight (left hand)
Wands
 C - a wand of paralysis (16/24)
Scrolls
 e - 8 scrolls of remove curse
 h - 4 scrolls of blinking
 n - 2 scrolls of amnesia {unknown}
 q - 5 scrolls of recharging
 t - 2 scrolls of immolation {unknown}
 y - a scroll of random uselessness {unknown}
 A - 4 scrolls of teleportation
 H - 2 scrolls of enchant weapon
 J - a scroll of noise
 L - a scroll of fear
 Q - 4 scrolls of enchant armour
Potions
 f - a potion of might {unknown}
 j - 3 potions of lignification {unknown}
 k - 7 potions of curing
 l - a potion of heal wounds
 m - 4 potions of magic
 u - 2 potions of brilliance {unknown}
 w - a potion of degeneration {unknown}
 B - 2 potions of mutation {unknown}
 D - 2 potions of ambrosia {unknown}
 F - a potion of berserk rage {unknown}
 G - 2 potions of flight {unknown}
 I - a potion of haste {unknown}
Books
 c - a book of Geomancy

   Spells                             Type                      Level
   a - Sandblast                      Earth                        1
   b - Passwall                       Transmutation/Earth          2
   c - Stone Arrow                    Conjuration/Earth            3
   d - Petrify                        Transmutation/Earth          4
   e - Lee's Rapid Deconstruction     Earth                        5
 O - a book of Transfigurations

   Spells                             Type                      Level
   a - Irradiate                      Conjuration/Transmutation    5
   b - Statue Form                    Transmutation/Earth          6
   c - Hydra Form                     Transmutation                6
   d - Dragon Form                    Transmutation                7
Comestibles
 d - 2 bread rations
 z - 6 slices of pizza
 E - 3 beef jerkies
 K - 22 fruits
 M - 3 meat rations


   Skills:
 + Level 6.1 Fighting
 + Level 5.6 Maces & Flails
 - Level 4.0 Armour
 + Level 5.1 Dodging
 - Level 4.9 Stealth
 * Level 2.5 Shields
 * Level 8.8 Spellcasting
 + Level 7.3 Conjurations
   Level 0.7 Transmutations
 + Level 9.1 Earth Magic
 + Level 1.2 Evocations


You had 18 spell levels left.
You knew the following spells:

 Your Spells              Type           Power        Failure   Level  Hunger
a - Sandblast             Erth           #####.       1%          1    None
c - Stone Arrow           Conj/Erth      #####.       1%          3    None
d - Lee's Rapid Deconstr  Erth           #####.....   2%          5    #####..


Dungeon Overview and Level Annotations

Branches:
Dungeon (15/15)            Temple (1/1) D:6            Lair (0/8) D:11
    Orc: D:9-12      Vaults: D:13-14     Depths: D:15

Altars:
Ashenzari
Cheibriados
Dithmenos
Elyvilon
Fedhas
Gozag
Kikubaaqudgha
Makhleb
Nemelex Xobeh
Okawaru
Pakellas
Qazlal
Ru
Sif Muna
Trog
Vehumet
Xom
Yredelemnul
Zin
The Shining One

Shops:
D:10 (

Annotations:
D:14 Maud


Innate Abilities, Weirdness & Mutations

You are resistant to torment.
Your stone body is resilient (AC +7).
You are immune to poison.
You resist negative energy.
You are resistant to electric shocks.
You can survive without breathing.
You are immune to petrification.
You are immune to rotting.


Message History

A human comes into view. It is wielding a dagger.
The human shouts!
The human unwields an uncursed dagger.
The human wields an arbalest.
The human shoots a bolt.
The bolt hits you!
You see here a bolt.
A vault guard comes into view. It is wielding a glaive.
A deep elf archer comes into view. It is wielding a short sword.
The vault guard shouts!
Maud closely misses you.
The deep elf archer shouts!
The deep elf archer unwields an uncursed short sword.
The deep elf archer wields a shortbow.
The deep elf archer shoots an arrow.
The arrow hits you!
* * * LOW HITPOINT WARNING * * *
You see here an arrow.
The deep elf archer shoots an arrow.
The arrow hits you but does no damage.
You see here an arrow.
The deep elf archer shoots an arrow.
The arrow completely misses you.
Maud hits you from afar with a demon trident of venom!!
You die...

#........##
#............
#............
#.....####### #>....#
#.....# ####.....+
..........###########.#
.........(...@.@......#
..............((.......#
.......≈≈≈≈.....≈≈≈≈...#
......≈≈≈≈≈≈?..≈≈≈≈≈≈..#
.....≈≈≈≈≈≈≈...≈≈≈≈≈≈≈..
....≈≈≈≈≈≈≈...≈≈≈≈≈≈≈..
..###pp###+++###.e###.
#... .p.# #... ...#


You could see Maud, a vault guard (wandering) and a deep elf archer.

Vanquished Creatures
  A hydra (D:8)
  A cyclops (D:11)
  An elephant (D:10)
  A centaur skeleton (D:11)
  A gargoyle (D:14)
  A two-headed ogre (D:11)
  A wyvern (D:11)
  8 yaks
  A vampire (D:10)
  A steam dragon (D:9)
  2 hungry ghosts
  A hippogriff (D:7)
  A mottled dragon (D:10)
  2 water moccasins
  The ghost of varam the Digger, an amateur GrEE of Vehumet (D:3)
  The ghost of baljet the Digger, an amateur GrEE (D:4)
  3 ice beasts
  A phantom (D:7)
  6 sky beasts
  A black bear (D:9)
  3 ogres
  2 necrophages
  2 orc warriors (D:8)
  4 centaurs
  A crocodile (D:11)
  3 big kobolds (D:8)
  8 giant frogs
  4 scorpions
  5 killer bees (D:7)
  7 wights
  A howler monkey (D:5)
  2 crimson imps
  A giant frog zombie (D:10)
  A centaur zombie (D:10)
  3 hounds
  5 jellies
  Crazy Yiuf (D:7)
  9 orc priests
  A giant frog skeleton (D:7)
  18 orc wizards
  2 iguanas
  5 worker ants
  4 sheep
  A howler monkey zombie (D:5)
  16 adders
  5 gnolls (D:5)
  10 river rats (D:7)
  2 shadow imps
  11 oozes
  An adder skeleton (D:4)
  A worm (D:3)
  A dart slug (D:3)
  12 giant geckos
  40 orcs
  17 ball pythons
  7 bats
  13 giant cockroaches
  15 goblins
  10 hobgoblins
  14 jackals
  4 quokkas
  17 giant newts
  A goblin zombie (D:4)
  3 hobgoblin zombies (D:4)
  A jackal zombie (D:6)
  11 kobolds
  2 kobold skeletons (D:4)
  An orc skeleton (D:4)
  An orc zombie (D:4)
  17 rats
362 creatures vanquished.

Notes
Turn   | Place    | Note
--------------------------------------------------------------
     0 | D:1      | varam the Gargoyle Earth Elementalist began the quest for the Orb.
     0 | D:1      | Reached XP level 1. HP: 10/10 MP: 3/3
   762 | D:1      | Reached XP level 2. HP: 14/15 MP: 3/5
   891 | D:1      | Reached skill level 4 in Earth Magic
  1330 | D:2      | Reached XP level 3. HP: 19/19 MP: 1/7
  1335 | D:2      | Learned a level 3 spell: Stone Arrow
  1910 | D:3      | Reached XP level 4. HP: 24/24 MP: 3/8
  1925 | D:3      | Found a glowing drain.
  1949 | Sewer    | Entered a sewer
  1959 | Sewer    | Reached skill level 1 in Conjurations
  2532 | Sewer    | Reached XP level 5. HP: 28/28 MP: 3/10
  2593 | Sewer    | Learned a level 5 spell: Lee's Rapid Deconstruction
  2995 | Sewer    | Reached skill level 5 in Earth Magic
  3644 | Sewer    | Reached XP level 6. HP: 20/32 MP: 7/12
  4004 | D:3      | Noticed varam's ghost (amateur GrEE)
  4078 | D:3      | Killed varam's ghost
  4078 | D:3      | Reached XP level 7. HP: 11/36 MP: 12/14
  4565 | D:4      | Found a shadowy altar of Dithmenos.
  4743 | D:4      | Found a glowing golden altar of the Shining One.
  4763 | D:4      | Noticed baljet's ghost (amateur GrEE)
  4773 | D:4      | Killed baljet's ghost
  4773 | D:4      | Reached skill level 5 in Spellcasting
  5123 | D:4      | Reached skill level 1 in Maces & Flails
  5123 | D:4      | Reached skill level 1 in Armour
  5271 | D:4      | Reached skill level 6 in Earth Magic
  5702 | D:4      | Reached skill level 1 in Fighting
  6288 | D:5      | Entered Level 5 of the Dungeon
  6339 | D:5      | Reached XP level 8. HP: 36/43 MP: 0/15
 10220 | D:6      | Found a staircase to the Ecumenical Temple.
 10226 | Temple   | Entered the Ecumenical Temple
 10233 | Temple   | Became a worshipper of Vehumet
 10326 | D:6      | Reached XP level 9. HP: 34/49 MP: 8/17
 10515 | D:6      | Reached skill level 7 in Earth Magic
 10540 | D:6      | Found an ancient bone altar of Kikubaaqudgha.
 10798 | D:7      | Reached skill level 5 in Conjurations
 11522 | D:7      | Reached * piety under Vehumet
 11522 | D:7      | Offered knowledge of Freeze by Vehumet.
 12408 | D:7      | Reached ** piety under Vehumet
 12408 | D:7      | Offered knowledge of Sting by Vehumet.
 12430 | D:7      | Noticed Crazy Yiuf
 12436 | D:7      | Killed Crazy Yiuf
 12436 | D:7      | Reached XP level 10. HP: 54/56 MP: 14/20
 12571 | D:8      | Found a shimmering altar of Xom.
 12869 | D:8      | Noticed a three-headed hydra
 12880 | D:8      | Killed a three-headed hydra
 12880 | D:8      | Reached skill level 8 in Earth Magic
 13521 | D:8      | Reached skill level 5 in Fighting
 14486 | D:9      | Offered knowledge of Throw Flame by Vehumet.
 14912 | D:9      | Reached XP level 11. HP: 62/64 MP: 10/23
 15127 | D:10     | Entered Level 10 of the Dungeon
 15129 | D:10     | Reached skill level 5 in Maces & Flails
 15276 | D:10     | Reached *** piety under Vehumet
 16086 | D:10     | Found Raas's Weapon Shop.
 16094 | D:10     | Bought a +3 dagger of electrocution for 308 gold pieces
 16243 | D:10     | Reached skill level 1 in Shields
 16515 | D:11     | Reached skill level 5 in Dodging
 16515 | D:11     | Reached skill level 9 in Earth Magic
 16533 | D:11     | Found a staircase to the Lair.
 16545 | D:11     | Offered knowledge of Force Lance by Vehumet.
 16565 | D:10     | Reached skill level 1 in Evocations
 17096 | D:11     | Noticed a cyclops
 17118 | D:11     | Killed a cyclops
 17296 | D:11     | You fall through a shaft for 3 floors!
 17345 | D:14     | Noticed Maud
 17347 | D:15     | Entered Level 15 of the Dungeon
 17562 | D:15     | Noticed an orc knight
 17562 | D:15     | Noticed a tengu warrior
 17593 | D:15     | Noticed a deep elf mage
 17627 | D:15     | Noticed a cyclops
 17655 | D:14     | Noticed a vault guard
 17657 | D:14     | Noticed a vault guard
 17658 | D:14     | Noticed a deep elf archer
 17662 | D:14     | Mangled by Maud

Skill      XL: |  1  2  3  4  5  6  7  8  9 10 11 |
---------------+----------------------------------+-----
Earth Magic    | 4 5 6 7 8 9 |  9.1
Spellcasting   | 3 4 5 6 8 |  8.8
Conjurations   | 2 3 4 5 6 7 |  7.3
Maces & Flails | 1 2 3 4 5 |  5.6
Armour         | 1 2 3 4 |  4.0
Dodging        | 2 3 4 5 |  5.1
Fighting       | 1 2 4 5 6 |  6.1
Stealth        | 4 |  4.9
Shields        | 2 |  2.5
Evocations     | 1 |  1.2
Transmutations | |  0.7

Action                   |  1- 3 |  4- 6 |  7- 9 | 10-12 || total
-------------------------+-------+-------+-------+-------++-------
Melee: Unarmed           |     7 |       |       |       ||     7
       Dagger            |    22 |   205 |   244 |    10 ||   481
       Trident           |       |       |     2 |       ||     2
       Flail             |       |       |   139 |   160 ||   299
       Morningstar       |       |       |    85 |       ||    85
 Cast: Sandblast         |    42 |    56 |     8 |       ||   106
       Stone Arrow       |       |       |   165 |   125 ||   290
       Lee's Rapid Decon |       |       |       |    18 ||    18
  Use: Potion            |       |       |     2 |     1 ||     3
       Scroll            |       |       |     9 |     3 ||    12
 Stab: Sleeping          |     1 |     1 |    11 |     4 ||    17
  Eat: Chunk             |     1 |     4 |    16 |     8 ||    29
       Meat ration       |     1 |       |     2 |       ||     3
       Bread ration      |       |       |     2 |     4 ||     6
Armor: Robe              |    21 |   148 |   270 |   165 ||   604
Dodge: Dodged            |    34 |   210 |   361 |   178 ||   783
